 Dungeon Crawl Stone Soup version 0.30-a0-414-gcb316572d5 (webtiles) character file.

Game seed: 2240925348184441507

4 flotson the Ducker (level 2, 24/24 HPs)
             Began as a Meteoran Wanderer on Dec 8, 2022.
             Quit the game on level 1 of the Dungeon.
             The game lasted 00:00:35 (128 turns).

flotson the Ducker (Meteoran Wanderer)               Turns: 128, Time: 00:00:36

Health: 24/24      AC:  5    Str: 13    XL:     2   Next: 0%
Magic:  3/5        EV: 13    Int: 10    God:
Gold:   34         SH:  0    Dex: 16    Spells: 4/4 levels left

rFire   . . .      SeeInvis .    a - +0 falchion
rCold   . . .      Faith    .    (no shield)
rNeg    . . .      Spirit   .    b - +2 leather armour
rPois   .          Reflect  .    (no helmet)
rElec   .          Harm     .    (no cloak)
rCorr   .          Rampage  .    (no gloves)
Will    .....                    (no boots)
Stlth   +.........               (no amulet)
HPRegen 0.24/turn                (no ring)
MPRegen 0.09/turn                (no ring)

@: glowing
A: sense surroundings 1, otherworldly, glowing, explore regen
a: no special abilities


You were on level 1 of the Dungeon.
You visited 1 branch of the dungeon, and saw 1 of its levels.

You collected 34 gold pieces.

Inventory:

Hand Weapons
 a - a +0 falchion (weapon)
Armour
 b - a +2 leather armour (worn)
Potions
 c - a potion of lignification
 d - 2 potions of brilliance


   Skills:
 + Level 2.2 Fighting
 - Level 2.5 Long Blades
 + Level 1.3 Armour
 + Level 3.7 Dodging
 - Level 1.5 Spellcasting
 - Level 1.4 Invocations


You had 4 spell levels left.
You didn't know any spells.
Your spell library was empty.

Dungeon Overview and Level Annotations

Branches:
Dungeon (1/15) Zot: 469

Altars:


Innate Abilities, Weirdness & Mutations

You passively map a small area around you.
You are easily found by Zot.
You glow in the dark.
You regain HP and MP as you explore.


Message History

No target in view!
No target in view!
No target in view!
No target in view!
Things that are here:
a +0 dagger; a goblin corpse HP restored.
Found a stone staircase leading down.
An endoplasm comes into view.
The endoplasm quivers.
You barely miss the endoplasm. The endoplasm hits you.
The endoplasm closely misses you.
You slash the endoplasm!
You kill the endoplasm!
No target in view!
No target in view!
No target in view!
No target in view!
No target in view!
There is a stone staircase leading down here.
A quokka comes into view.
A ball python comes into view.
The ball python hisses angrily.
You barely miss the quokka.
The quokka twitches its whiskers.
The quokka completely misses you. The quokka barely misses you.
You barely miss the quokka. The quokka completely misses you.
You hit the quokka but do no damage. The quokka closely misses you.
You hit the quokka.
The quokka is almost dead.
The quokka bites you but does no damage. x2
You hit the quokka.
You kill the quokka!
The ball python closely misses you. The ball python grabs you.
The ball python constricts you.
You slash the ball python!
You kill the ball python!
You have reached level 2!
Unknown command.
Are you sure you want to abandon this character and quit the game? (Confirm with "yes".)

#.##.##.#
#........
#.##.##.#
#..######
#.##.##.#
#...
#.##.##.# #..
* *
#.##.##.## ,
#.##.# ..# **
#.# #..#, * ,
, #.##..#, ,
* #.@.# , ,
+..#...#
...#...#...#,
#..#...#..
#... , ##
..#...#. #. ,
, *.#...#...#
, #.. #...#..
*, * , #.#
..#...#. *


There were no monsters in sight!

Vanquished Creatures
  An endoplasm (D:1)
  A goblin (D:1)
  A quokka (D:1)
  A ball python (D:1)
4 creatures vanquished.

Notes
Turn   | Place    | Note
-------+----------+-------------------------------------------
     0 | D:1      | flotson the Meteoran Wanderer began the quest for the Orb.
     0 | D:1      | flotson set off with the following items: a +0 falchion, a
                  | +2 leather armour, a potion of lignification, a potion of
                  | brilliance.
     0 | D:1      | Reached XP level 1. HP: 17/17 MP: 3/3
   128 | D:1      | Reached XP level 2. HP: 24/24 MP: 3/5
   128 | D:1      | Quit the game

Illustrated notes

Levels and vault maps discovered:
D:1:      lordsloth_arrival_two_stooges, layout_basic, hex_large,
          minmay_misc_feat_alley, minmay_ruptured

Action                   || total
-------------------------++-------
Melee: Falchion          ||    13
Armor: Leather armour    ||     4
Dodge: Dodged            ||     7

Table legend: (Time is in decaauts)
 A = Elapsed time spent in this place.
 B = Non-inter-level travel time spent in this place.
 C = Inter-level travel time spent in this place.
 D = Time resting spent in this place.
 E = Time spent auto-exploring this place.
 F = Levels seen in this place.
 G = Mean time per level.
                   A        B        C        D        E       F      G
               +--------+--------+--------+--------+--------+-----+--------+
         Total |    130 |    130 |      0 |      0 |    106 |   1 |  130.0 |
       Dungeon |    130 |    130 |      0 |      0 |    106 |   1 |  130.0 |
               +--------+--------+--------+--------+--------+-----+--------+

Top non-repeatable levels by time:
     D:1: 130 daAuts
